 Dungeon Crawl Stone Soup version 0.20.1-1-g8b1a95d (webtiles) character file.

21 slep the Slasher (level 2, -2/22 HPs)
             Began as a Demonspawn Gladiator on Dec 27, 2017.
             Slain by a kobold (4 damage)
             ... on level 1 of the Dungeon.
             The game lasted 00:01:11 (272 turns).

slep the Slasher (Demonspawn Gladiator)              Turns: 272, Time: 00:01:12

Health: -2/22      AC:  4    Str: 14    XL:     2   Next: 62%
Magic:  2/2        EV: 13    Int:  9    God:
Gold:   40         SH:  0    Dex: 14    Spells: 1/1 levels left

rFire    . . .     SeeInvis .   a - +0 long sword
rCold    . . .     Gourm    .   (no shield)
rNeg     . . .     Faith    .   b - +0 leather armour
rPois    .         Spirit   .   c - +0 helmet
rElec    .         Reflect  .   (no cloak)
rCorr    .         Harm     .   (no gloves)
MR       .....                  (no boots)
Stlth    +.........             (no amulet)
Regen    0.1/turn               (no ring)
MPRegen  0.1/turn               (no ring)

@: no status effects
A: demonic guardian 1
a: no special abilities


You were on level 1 of the Dungeon.
You were not hungry.

You visited 1 branch of the dungeon, and saw 1 of its levels.

You collected 40 gold pieces.

Inventory:

Hand Weapons
 a - a +0 long sword (weapon)
Missiles
 d - 3 throwing nets (quivered)
 o - 8 sling bullets
Armour
 b - a +0 leather armour (worn)
 c - a +0 helmet (worn)
Scrolls
 e - a scroll of identify {unknown}
 g - 2 scrolls of random uselessness {unknown}
 i - a scroll of enchant weapon {unknown}
 k - a scroll of remove curse {unknown}
 l - a scroll of magic mapping {unknown}
 n - a scroll of teleportation {unknown}
Potions
 h - a potion of resistance {unknown}
 m - a potion of curing {unknown}
Comestibles
 f - 2 bread rations
 j - a meat ration


   Skills:
 + Level 2.0 Fighting
 + Level 3.3 Long Blades
 + Level 1.7 Throwing
 + Level 0.5 Armour
 + Level 2.9 Dodging


You had one spell level left.
You didn't know any spells.

Dungeon Overview and Level Annotations

Branches:
Dungeon (1/15)

Altars:


Innate Abilities, Weirdness & Mutations

A weak demonic guardian rushes to your aid.


Message History

The leopard gecko is heavily wounded.
The leopard gecko closely misses you. The hobgoblin hits you with a club.
* * * LOW HITPOINT WARNING * * *
You hit the leopard gecko but do no damage.
The leopard gecko is heavily wounded.
The leopard gecko barely misses you.
You riposte.
You hit the leopard gecko but do no damage.
The leopard gecko is heavily wounded.
The hobgoblin barely misses you.
You riposte.
You closely miss the hobgoblin. You hit the leopard gecko.
The leopard gecko is severely wounded.
The leopard gecko completely misses you.
The hobgoblin closely misses you.
You riposte.
You closely miss the hobgoblin. The leopard gecko misses you.
You hit the leopard gecko.
You kill the leopard gecko!
The hobgoblin hits you with a club.
* * * LOW HITPOINT WARNING * * *
The kobold hits you.
You die...

#####+###.########### ##.....
#.........#........... ........
#.....††........?..............
#....†.....................##..
#.........#.####........... #.#
#.........#... ............ ..#
###.........#####....... .. ...
#...........#####g...... ....
#....###........@K...... ....
#....# #................ #....#
#..............=. #....#
#...........##### #....#
############# #....# #....#
#....# #....#


You could see a hobgoblin and a kobold.

Vanquished Creatures
  A dart slug (D:1)
  A leopard gecko (D:1)
  4 goblins (D:1)
  A hobgoblin (D:1)
  2 jackals (D:1)
  A kobold (D:1)
  A ball python (D:1)
  A bat (D:1)
  2 frilled lizards (D:1)
  3 rats (D:1)
17 creatures vanquished.

Notes
Turn   | Place    | Note
-------+----------+-------------------------------------------
     0 | D:1      | slep the Demonspawn Gladiator began the quest for the Orb.
     0 | D:1      | Reached XP level 1. HP: 16/16 MP: 1/1
    60 | D:1      | Reached skill level 3 in Long Blades
    83 | D:1      | Gained mutation: A weak demonic guardian rushes to your aid. [demonic ancestry]
    83 | D:1      | Reached XP level 2. HP: 14/22 MP: 2/2
   272 | D:1      | Slain by a kobold

Skill      XL: |  1 |
---------------+----+-----
Long Blades    | 3 |  3.3
Fighting       | |  2.0
Throwing       | |  1.7
Armour         | |  0.5
Dodging        | |  2.9

Action                   || total
-------------------------++-------
Melee: Long sword        ||    40
Armor: Leather armour    ||    14
Dodge: Dodged            ||    36
       Rpst.: Long sword ||    12
